 Dungeon Crawl Stone Soup version 0.30.0-29-ga12c61a403 (webtiles) character file.

Game seed: 13335600227512154770

300 AgateBread the Trooper (level 6, -1/56 HPs)
             Began as a Draconian Fighter on June 23, 2023.
             Slain by a goblin
             ... wielding a +0 club
             ... led by Robin
              (2 damage)
             ... on level 3 of the Dungeon.
             The game lasted 00:10:46 (2336 turns).

AgateBread the Trooper (Draconian Fighter)          Turns: 2336, Time: 00:10:48

Health: -1/56      AC:  7    Str: 18    XL:     6   Next: 13%
Magic:  6/6        EV: 12    Int: 10    God:
Gold:   138        SH:  5    Dex: 11    Spells: 5/5 levels left

rFire   . . .        a - +0 long sword
rCold   . . .        b - +0 buckler
rNeg    . . .        (body armour unavailable)
rPois   .            (helmet restricted)
rElec   .            (no cloak)
rCorr   .            (no gloves)
SInv    .            p - +0 pair of boots
Will    .....        h - amulet of magic regeneration
Stlth   +            m - +4 ring of slaying
HPRegen 0.29/turn    (no ring)
MPRegen 0.50/turn

%: no passive effects
@: no status effects
A: AC +6, unfitting armour, cold-blooded
a: no special abilities


You were on level 3 of the Dungeon.
You visited 1 branch of the dungeon, and saw 3 of its levels.

You collected 138 gold pieces.

Inventory:

Hand Weapons
 a - a +0 long sword (weapon)
 d - a +2 antimagic dagger
 e - a +0 short sword of draining
Armour
 b - a +0 buckler (worn)
 p - a +0 pair of boots (worn)
Jewellery
 h - an amulet of magic regeneration (around neck)
 m - a +4 ring of slaying (left hand)
 r - a ring of see invisible
Wands
 q - a wand of roots (10)
Scrolls
 n - a scroll of vulnerability {unknown}
 o - a scroll of identify {unknown}
Potions
 c - a potion of might
 g - a potion of lignification {unknown}
 i - a potion of cancellation
 j - a potion of brilliance {unknown}
 k - a potion of curing {unknown}
 s - a potion of mutation {unknown}


   Skills:
 + Level 5.1 Fighting
 + Level 4.0 Long Blades
 - Level 2.6 Dodging
 + Level 4.6 Shields


You had 5 spell levels left.
You didn't know any spells.
Your spell library was empty.

Dungeon Overview and Level Annotations

Branches:
Dungeon (3/15)

Altars:

Annotations:
D:3 Robin


Innate Abilities, Weirdness & Mutations

Your plain brown scales are hard. (AC +6)
You cannot fit into any form of body armour.
You are cold-blooded and may be slowed by cold attacks.


Message History

* * * LOW HITPOINT WARNING * * *
The goblin shoots a sling bullet.
The sling bullet closely misses you.
Okay, then.
It was a potion of heal wounds.
You feel much better.
You feel sick. Robin hits you with a +0 mace.
The goblin hits you with a +0 club.
The goblin shoots a sling bullet.
The sling bullet hits you.
You closely miss the goblin.
You feel sick. Robin misses you. The goblin hits you with a +0 club.
The goblin shoots a sling bullet.
The sling bullet closely misses you.
You closely miss the goblin.
Your tail-slap misses the goblin.
You feel sick. Robin completely misses you. The goblin hits you with a +0 club.
* * * LOW HITPOINT WARNING * * *
The goblin shoots a sling bullet.
The sling bullet closely misses you.
Robin says, "My army is invincible!"
Robin closely misses you. You block the goblin's attack.
The goblin shoots a sling bullet.
The sling bullet hits you.
* * * LOW HITPOINT WARNING * * *
Okay, then.
You slash Robin!
Robin is heavily wounded.
You feel sick. Robin closely misses you. The goblin barely misses you.
The goblin shoots a sling bullet.
The sling bullet hits you but does no damage.
You hit the goblin.
The goblin is severely wounded.
You feel sick.
You are no longer poisoned.
The goblin no longer looks unusually strong.
The goblin barely misses you.
Robin laughs in a distinctly smug fashion.
Robin hits you but does no damage.
The goblin shoots a sling bullet.
The sling bullet hits you.
* * * LOW HITPOINT WARNING * * *
You closely miss the goblin.
Your tail-slap misses the goblin.
The goblin is severely wounded.
The goblin no longer looks unusually strong.
Robin hits you with a +0 mace.
* * * LOW HITPOINT WARNING * * *
The goblin hits you with a +0 club.
You die...

###### .....# ######## .....#
#[.....# ###
.....##########......#########.##
.................................
..)...#########......########..##
.....>.########)g)...# ####..#
##.###..........@....# #.....#
##..#####.......g)...# ##.##..##
.........#........g..####.....†..
..).....>#.÷................##.##
.....................#....#.##.#
.........#.......)...#.####.##.#
.........#####.........####.#..#
###....### #.##...).......#.##
#....# #.##...........#...


You could see Robin and 2 goblins.

Vanquished Creatures
  Sigmund (D:3)
  Natasha (twice) (D:3)
  2 adders (D:2)
  3 worms (D:2)
  2 dart slugs (D:1)
  5 endoplasms
  5 giant cockroaches (D:1)
  11 goblins
  8 hobgoblins
  7 jackals (D:1)
  2 quokkas
  6 ball pythons
  3 bats
  2 frilled lizards
  4 kobolds
  A rat (D:1)
64 creatures vanquished.

Notes
Turn   | Place    | Note
-------+----------+-------------------------------------------
     0 | D:1      | AgateBread the Draconian Fighter began the quest for the
                  | Orb.
     0 | D:1      | Reached XP level 1. HP: 19/19 MP: 1/1
   155 | D:1      | Reached XP level 2. HP: 23/26 MP: 2/2
   455 | D:1      | Reached XP level 3. HP: 21/33 MP: 3/3
  1121 | D:2      | Reached skill level 4 in Fighting
  1540 | D:2      | Reached XP level 4. HP: 37/40 MP: 4/4
  2071 | D:3      | Noticed Robin
  2135 | D:3      | Noticed Sigmund
  2146 | D:3      | Killed Sigmund
  2147 | D:3      | Reached XP level 5. HP: 37/47 MP: 5/5
  2182 | D:3      | Noticed Natasha
  2184 | D:3      | Reached skill level 5 in Fighting
  2191 | D:3      | Killed Natasha
  2201 | D:3      | Noticed Natasha
  2209 | D:3      | Killed Natasha
  2210 | D:3      | Reached XP level 6. HP: 56/56 MP: 6/6
  2336 | D:3      | HP: 1/56 [Robin/+0 mace (4)]
  2336 | D:3      | Slain by a goblin

Illustrated notes

Levels and vault maps discovered:
D:1:      psy_arrival_terrarium, layout_basic, st_stairs_6
D:2:      layout_basic, chequers_serial_rivers_micro_e
D:3:      layout_rooms, uniq_sigmund, uniq_robin, uniq_natasha

Skill      XL: |  1  2  3  4  5 |
---------------+----------------+-----
Fighting       | 4 5 |  5.1
Long Blades    | 3 4 |  4.0
Shields        | 4 |  4.6
Dodging        | |  2.6

Action                     |  1- 3 |  4- 6 || total
---------------------------+-------+-------++-------
  Melee: Long sword        |   150 |    63 ||   213
         Tailslap          |    18 |     6 ||    24
    Use: Scroll            |     1 |     1 ||     2
         Potion            |       |     2 ||     2
 Armour: Skin              |    77 |    29 ||   106
  Dodge: Dodged            |   146 |    42 ||   188
  Block: Buckler           |    62 |    15 ||    77
